 Dungeon Sprint DCSS version 0.17-b1-36-g7b1967c (webtiles) character file.

10690 hexophile the Severer (level 11, -8/104 HPs)
             Began as a Formicid Fighter on Nov 6, 2015.
             Was the Champion of Makhleb.
             Mangled by a dire elephant (21 damage)
             ... in the Dungeon (Sprint V: "Ziggurat Sprint").
             The game lasted 00:04:13 (320 turns).

hexophile the Severer (Formicid Fighter)             Turns: 320, Time: 00:04:13

Health: -8/104     AC: 25    Str: 45    XL:     11   Next: 97%
Magic:  11/13      EV: -1    Int: 12    God:    Makhleb [******]
Gold:   0          SH: 33    Dex: 10    Spells: 0 memorised, 10 levels left

rFire  + . .     SeeInvis +     w - +5 executioner's axe
rCold  . . .     Clarity  .     F - +5 gold dragon armour {rC+ rF+ rPois}
rNeg   + + +     SustAt   .     L - +18 shield of the gong {rElec rN+ MR+ EV-5}
rPois  +         Gourm    .     (helmet unavailable)
rElec  +         Spirit   .     (no cloak)
rCorr  .         Warding  .     b - +1 pair of gloves {Str+3} {Str+3}
rMut   +         Stasis   +     (no boots)
MR     ++...                    h - amulet "Fouzuo" {rMut rC- rN++ Int+5}
Stlth  ..........               A - +6 ring of strength
                                z - +6 ring of strength

@: mighty, constricted, very resistant to hostile enchantments, extremely
unstealthy
A: permanent stasis, dig shafts and tunnels, four strong arms, antennae 3
a: Dig, Minor Destruction, Lesser Servant of Makhleb, Major Destruction, Greater
Servant of Makhleb, Renounce Religion


You were in the Dungeon.
You worshipped Makhleb.
Makhleb was exalted by your worship.
You were not hungry.

You visited 1 branch


Innate Abilities, Weirdness & Mutations

You are under a permanent stasis effect.
You can dig through walls and to a lower floor.
Your four strong arms can wield two-handed weapons with a shield.
You have a pair of large antennae on your head (SInv).

Inventory:

Hand Weapons
 q - the +1 eveningstar "Brilliance" {holy, rN+ AC+5 Int+5}
   (You found it in the Dungeon)

   It has been blessed by the Shining One to cause great damage to the undead
   and demons.
   It affects your AC (+5).
   It affects your intelligence (+5).
   It protects you from negative energy.
 w - a +5 executioner's axe (weapon)
Armour
 b - a +1 pair of gloves of strength (worn) {Str+3}
 F - a +5 gold dragon armour (worn) {rC+ rF+ rPois}
 L - the +18 shield of the gong (worn) {rElec rN+ MR+ EV-5}
   (You found it in the Dungeon)

   It affects your evasion (-5).
   It insulates you from electricity.
   It protects you from negative energy.
   It affects your resistance to hostile enchantments.
Jewellery
 h - the amulet "Fouzuo" (around neck) {rMut rC- rN++ Int+5}
   (You found it in the Dungeon)

   [amulet of resist mutation]

   It protects you from mutation.
   It affects your intelligence (+5).
   It makes you vulnerable to cold.
   It greatly protects you from negative energy.
 z - a +6 ring of strength (left hand)
 A - a +6 ring of strength (right hand)
Wands
 c - a wand of disintegration (7)
 B - a wand of fire (5)
 C - a wand of cold (5)
 D - a wand of draining (1)
Scrolls
 p - 3 scrolls of recharging
 s - a scroll of holy word
 t - 5 scrolls of identify
 u - 5 scrolls of remove curse
 y - 2 scrolls of fear
 G - 7 scrolls of fog
Potions
 d - 5 potions of might {Str+5 DMG+1d10}
 e - 2 potions of brilliance {Archmagi Int+5 Wiz++}
 g - 10 potions of heal wounds
 i - 7 potions of magic
 j - 10 potions of curing
 l - 2 potions of invisibility
 m - 4 potions of resistance {rF+ rC+ rPois rElec rCorr}
 o - 5 potions of agility {Stlth+ Dex+5 EV+5}
Miscellaneous
 a - a sack of spiders
 f - a fan of gales
 k - a box of beasts
 v - a disc of storms
Comestibles
 n - 42 fruits
 r - 5 bread rations
 x - 4 meat rations
 E - 4 chunks of flesh


You had 10 spell levels left.
You didn't know any spells.


   Skills:
 - Level 15.8 Fighting
 * Level 19.1 Axes
 * Level 10.7 Armour
 * Level 11.7 Shields
 * Level 3.0 Evocations

Dungeon Overview and Level Annotations

Branches:
Dungeon (1/1)

Altars:
Ashenzari
Cheibriados
Dithmenos
Elyvilon
Fedhas
Gozag
Kikubaaqudgha
Makhleb
Nemelex Xobeh
Okawaru
Qazlal
Ru
Sif Muna
Trog
Vehumet
Xom
Yredelemnul
Zin
The Shining One
Beogh
Jiyva
Lugonu

Vault maps used:
D:        sprint_v
You       could see a dire elephant, a spriggan defender, an anaconda, a wind
          drake, 2 spriggan air magi and a yak.


Message History

You block the spriggan defender's attack.
GONNNNG!
You block the anaconda's attack.
SHROANNG!
The anaconda constricts you.
You block the spriggan defender's attack.
SHROANNG!
The dire elephant tramples you but does no damage.
The dire elephant trunk-slaps you but does no damage.
The spriggan defender hits you with a rapier of speed!
* * * LOW HITPOINT WARNING * * *
The wind drake exhales a fierce blast of wind!
The wind drake summons a great blast of wind!
The anaconda loses its grip on you.
You are blown backwards!
The spriggan air mage and the spriggan defenders are blown away by the wind.
The spriggan defender slams into the unnaturally hard rock wall!
You lost 11 HP.
You have now: 29/104 HP.
You are too injured to fight recklessly!
Unknown command.
Unknown command.
You are too injured to fight recklessly!
You slice the dire elephant!!
The dire elephant is moderately wounded.
You block the anaconda's attack.
GONNNNG!
The anaconda bites you but does no damage.
You block the dire elephant's attack.
BONNNG!
The dire elephant trunk-slaps you but does no damage.
The spriggan air mage waves its arms in wide circles.
The air twists around and strikes you!
* * * LOW HITPOINT WARNING * * *
You lost 17 HP.
You have now: 12/104 HP.
Unknown command.
You miss the anaconda.
The anaconda is almost dead.
You cut the dire elephant into ribbons!!!
The dire elephant is severely wounded.
You slice the spriggan defender!!
You kill the spriggan defender!
Makhleb accepts your kill.
Your Evocations skill gained 3 levels and is now at level 3!
You block the anaconda's attack.
GONNNNG!
You block the anaconda's attack.
PANG!
The anaconda grabs you. You block the anaconda's attack.
GONNNNG!
The anaconda constricts you. The dire elephant tramples you!!
You die...

Action                   |  1- 3 |  4- 6 |  7- 9 | 10-12 || total
-------------------------+-------+-------+-------+-------++-------
Melee: Executioner's axe |     3 |       |    15 |    69 ||    87
Evoke: Wand              |     1 |       |     3 |       ||     4
  Use: Potion            |     1 |       |     1 |     1 ||     3
       Scroll            |       |       |       |     1 ||     1

Notes
Turn   | Place    | Note
--------------------------------------------------------------
     0 | D        | hexophile the Formicid Fighter began the quest for the Orb.
     0 | D        | Reached XP level 1. HP: 18/18 MP: 1/1
     0 | D        | Found an iron altar of Okawaru.
     0 | D        | Found a burning altar of Makhleb.
     0 | D        | Found a radiant altar of Vehumet.
     0 | D        | Found a deep blue altar of Sif Muna.
     0 | D        | Found a shimmering altar of Xom.
     1 | D        | Found a roughly hewn altar of Beogh.
     1 | D        | Found a corrupted altar of Lugonu.
     1 | D        | Found a viscous altar of Jiyva.
     1 | D        | Found a white marble altar of Elyvilon.
     1 | D        | Found a sparkling altar of Nemelex Xobeh.
     1 | D        | Found a bloodstained altar of Trog.
    45 | D        | Became a worshipper of Makhleb the Destroyer
    76 | D        | Reached skill level 7 in Axes
    76 | D        | Reached XP level 2. HP: 24/24 MP: 2/2
    78 | D        | Entered arena 1.
    78 | D        | Noticed a vampire mosquito
    78 | D        | Noticed an ironbrand convoker
    82 | D        | Killed an ironbrand convoker
    82 | D        | Reached skill level 8 in Fighting
    82 | D        | Reached skill level 12 in Axes
    82 | D        | Reached XP level 3. HP: 27/38 MP: 3/3
    82 | D        | Reached XP level 4. HP: 31/45 MP: 4/4
    82 | D        | Reached XP level 5. HP: 35/51 MP: 5/5
    82 | D        | Reached XP level 6. HP: 39/57 MP: 6/6
    82 | D        | Reached XP level 7. HP: 43/63 MP: 7/7
    83 | D        | Killed a vampire mosquito
    83 | D        | Reached * piety under Makhleb
    83 | D        | Reached skill level 9 in Fighting
    83 | D        | Reached skill level 13 in Axes
    95 | D        | Entered arena 2.
    95 | D        | Noticed a draconian
    95 | D        | Noticed a draconian
    95 | D        | Noticed a draconian
   102 | D        | Killed a draconian
   102 | D        | Reached skill level 10 in Fighting
   102 | D        | Reached skill level 14 in Axes
   102 | D        | Reached XP level 8. HP: 47/73 MP: 8/8
   103 | D        | Killed a draconian
   103 | D        | Reached skill level 11 in Fighting
   103 | D        | Reached skill level 15 in Axes
   103 | D        | Killed a draconian
   103 | D        | Reached ** piety under Makhleb
   103 | D        | Reached XP level 9. HP: 51/82 MP: 9/9
   109 | D        | Entered arena 3.
   109 | D        | Noticed an eye of draining
   109 | D        | Noticed a golden eye
   109 | D        | Noticed a jelly
   111 | D        | Killed a jelly
   112 | D        | Killed a golden eye
   112 | D        | Reached skill level 12 in Fighting
   112 | D        | Reached skill level 16 in Axes
   113 | D        | Reached *** piety under Makhleb
   118 | D        | Killed an eye of draining
   132 | D        | Entered arena 4.
   132 | D        | Noticed a deep elf knight
   132 | D        | Noticed a deep elf mage
   132 | D        | Noticed a deep elf mage
   132 | D        | Noticed a deep elf mage
   136 | D        | Killed a deep elf mage
   138 | D        | Killed a deep elf knight
   138 | D        | Reached **** piety under Makhleb
   138 | D        | Reached skill level 13 in Fighting
   138 | D        | Reached skill level 17 in Axes
   138 | D        | Killed a deep elf mage
   138 | D        | Reached XP level 10. HP: 92/92 MP: 3/10
   139 | D        | Killed a deep elf mage
   150 | D        | Identified Agusu's Volume of Toxic Evil Secrets
   161 | D        | Entered arena 5.
   161 | D        | Noticed a necrophage
   161 | D        | Noticed a wight
   164 | D        | Killed a wight
   164 | D        | Reached ***** piety under Makhleb
   165 | D        | Killed a necrophage
   165 | D        | Reached skill level 4 in Shields
   172 | D        | Got the +0 ring mail "Tideafua" {rN++ Str+4 Int-5}
   174 | D        | Entered arena 6.
   174 | D        | Noticed a hippogriff
   174 | D        | Noticed a merfolk
   174 | D        | Noticed a merfolk
   174 | D        | Noticed a hippogriff
   174 | D        | Noticed a hippogriff
   179 | D        | Killed a hippogriff
   179 | D        | Reached skill level 4 in Armour
   179 | D        | Killed a hippogriff
   180 | D        | Killed a hippogriff
   180 | D        | Reached skill level 5 in Shields
   186 | D        | Killed a merfolk
   186 | D        | Reached ****** piety under Makhleb
   188 | D        | Killed a merfolk
   188 | D        | Reached skill level 5 in Armour
   191 | D        | Got the ring "Towep" {rElec Str+2 Dex-4 Stlth-}
   195 | D        | Entered arena 7.
   195 | D        | Noticed an insubstantial wisp
   195 | D        | Noticed an air elemental
   195 | D        | Noticed a wind drake
   195 | D        | Noticed an air elemental
   195 | D        | Noticed an insubstantial wisp
   195 | D        | Noticed an insubstantial wisp
   199 | D        | Killed an air elemental
   199 | D        | Reached skill level 6 in Shields
   200 | D        | Killed an air elemental
   203 | D        | Killed a wind drake
   203 | D        | Reached skill level 14 in Fighting
   203 | D        | Reached skill level 6 in Armour
   203 | D        | Killed an insubstantial wisp
   203 | D        | Reached skill level 7 in Shields
   205 | D        | Killed an insubstantial wisp
   205 | D        | Reached skill level 18 in Axes
   213 | D        | Killed an insubstantial wisp
   216 | D        | Got the +8 chain mail "Riom" {MR+ rCorr Str+3}
   219 | D        | Entered arena 8.
   219 | D        | Noticed an iguana
   219 | D        | Noticed a yak
   219 | D        | Noticed a yak
   219 | D        | Noticed a giant frog
   222 | D        | Killed a giant frog
   223 | D        | Killed an iguana
   225 | D        | Killed a yak
   227 | D        | Killed a yak
   227 | D        | Reached skill level 7 in Armour
   238 | D        | Identified the Papyrus of Attacks and Dislocation
   243 | D        | Got the amulet "Fouzuo" {rMut rC- rN++ Int+5}
   246 | D        | Entered arena 9.
   246 | D        | Noticed a black bear
   246 | D        | Noticed a wolf
   246 | D        | Noticed a wolf
   246 | D        | Noticed a spriggan
   246 | D        | Noticed a spriggan
   246 | D        | Noticed a spriggan
   246 | D        | Noticed a spriggan
   246 | D        | Noticed a black bear
   248 | D        | Killed a wolf
   251 | D        | Killed a wolf
   251 | D        | Reached skill level 8 in Shields
   253 | D        | Killed a black bear
   253 | D        | Reached XP level 11. HP: 94/101 MP: 11/11
   254 | D        | Killed a spriggan
   256 | D        | Killed a spriggan
   256 | D        | Killed a spriggan
   257 | D        | Killed a black bear
   259 | D        | Killed a spriggan
   259 | D        | Reached skill level 8 in Armour
   261 | D        | Got the +7 war axe of Valiance {pain, Stlth+}
   275 | D        | Got a faintly glowing broad axe
   276 | D        | Identified the +3 broad axe of Kikubaaqudgha's Fury {pain, rPois rF+} (You acquired it in the Dungeon)
   280 | D        | Entered arena 10.
   280 | D        | Noticed a salamander stormcaller
   280 | D        | Noticed an orc knight
   280 | D        | Noticed a vault sentinel
   280 | D        | Noticed a vault guard
   280 | D        | Noticed a yaktaur
   280 | D        | Noticed a vault guard
   280 | D        | Noticed a vault guard
   280 | D        | Noticed a yaktaur
   280 | D        | Noticed a vault guard
   287 | D        | Killed a yaktaur
   287 | D        | Reached skill level 9 in Shields
   288 | D        | Killed a vault guard
   288 | D        | Reached skill level 15 in Fighting
   290 | D        | Killed an orc knight
   290 | D        | Reached skill level 9 in Armour
   290 | D        | Reached skill level 10 in Shields
   290 | D        | Killed a vault guard
   290 | D        | Killed a vault guard
   290 | D        | Killed a vault guard
   290 | D        | Reached skill level 10 in Armour
   290 | D        | Killed a yaktaur
   290 | D        | Reached skill level 11 in Shields
   290 | D        | Killed a vault sentinel
   297 | D        | Killed a salamander stormcaller
   303 | D        | Got the amulet of Kikubaaqudgha's Esteem {Spirit rPois rC- rN+++ Str+3}
   311 | D        | Entered arena 11.
   311 | D        | Noticed a spriggan air mage
   311 | D        | Noticed a spriggan defender
   311 | D        | Noticed a yak
   311 | D        | Noticed a spriggan defender
   312 | D        | Noticed a wind drake
   312 | D        | Noticed a dire elephant
   312 | D        | Noticed a redback
   312 | D        | Noticed an anaconda
   312 | D        | Noticed a spriggan air mage
   316 | D        | Killed a redback
   316 | D        | Reached skill level 19 in Axes
   320 | D        | Killed a spriggan defender
   320 | D        | Reached skill level 3 in Evocations
   320 | D        | Mangled by a dire elephant

Table legend:
 A = Turns spent in this place as a percentage of turns spent in the entire game.
 B = Non-inter-level travel turns spent in this place as a percentage of non-inter-level travel turns spent in the entire game.
 C = Inter-level travel turns spent in this place as a percentage of turns spent in this place.
 D = Turns resting spent in this place as a percentage of non-inter-level travel turns spent in this place.
 E = Turns spent auto-exploring this place as a percentage of non-inter-level travel turns spent in this place.
 F = Non-inter-level travel turns spent in this place divided by the number of levels of this place that you've seen.
                   A       B       C       D       E      F
               +-------+-------+-------+-------+-------+----------------------
         Total | 100.0 | 100.0 |   0.0 |   0.5 |   0.0 | 365.0
       Dungeon | 100.0 | 100.0 |   0.0 |   0.5 |   0.0 | 365.0
               +-------+-------+-------+-------+-------+----------------------

Table legend:
 A = Kills in this place as a percentage of kills in entire the game.
 B = Kills by you in this place as a percentage of kills by you in the entire game.
 C = Kills by friends in this place as a percentage of kills by friends in the entire game.
 D = Other kills in this place as a percentage of other kills in the entire game.
 E = Experience gained in this place as a percentage of experience gained in the entire game.
 F = Experience gained in this place divided by the number of levels of this place that you have seen.
                   A       B       C       D       E      F
               +-------+-------+-------+-------+-------+----------------------
         Total | 100.0 | 100.0 |  -nan | 100.0 | 100.0 | 15263.0
       Dungeon | 100.0 | 100.0 |  -nan | 100.0 | 100.0 | 15263.0
               +-------+-------+-------+-------+-------+----------------------

Vanquished Creatures
  A spriggan defender (D)
  A salamander stormcaller (D)
  A vault guard (D)
  A deep elf knight (D)
  An ironbrand convoker (D)
  3 draconians (D)
  A yaktaur (D)
  A wind drake (D)
  2 merfolk (D)
  2 air elementals (D)
  4 spriggans (D)
  3 deep elf magi (D)
  A redback (D)
  3 hippogriffs (D)
  A golden eye (D)
  3 insubstantial wisps (D)
  A vampire mosquito (D)
  2 yaks (D)
  2 wolves (D)
  An eye of draining (D)
  2 black bears (D)
  A necrophage (D)
  A giant frog (D)
  A wight (D)
  A jelly (D)
  An iguana (D)
  2 sheep (D)
  2 river rats (D)
  An ooze (D)
  An adder skeleton (D)
  A bat skeleton (D)
  A jackal skeleton (D)
  A fire vortex (D)
51 creatures vanquished.

Vanquished Creatures (others)
  3 vault guards (D)
  An orc knight (D)
  A vault sentinel (D)
  A yaktaur (D)
6 creatures vanquished.

Grand Total: 57 creatures vanquished
